 Dungeon Crawl Stone Soup version 0.30.0-29-ga12c61a403 (webtiles) character file.

Game seed: 1227494259334913621

7727 monsoonserge the Thaumaturge (level 11, -8/69 HPs)
             Began as a Djinni Fire Elementalist on June 24, 2023.
             Was an Initiate of Gozag.
             Killed from afar by an ice dragon (32 damage)
             ... with a blast of cold
             ... on level 10 of the Dungeon.
             The game lasted 00:51:58 (10256 turns).

monsoonserge the Thaumaturge (DjFE)                Turns: 10256, Time: 00:52:00

Health: -8/69      AC:  5    Str:  7    XL:     11   Next: 42%
Gold:   1439       EV: 12    Int: 22    God:    Gozag SH:  0 Dex: 13

rFire   + + +        a - +3 dagger (freeze)
rCold   . . .        (no shield)
rNeg    + . .        F - +1 leather armour {rC+}
rPois   ∞            L - +0 helmet
rElec   .            (no cloak)
rCorr   .            (no gloves)
SInv    .            (boots unavailable)
Will    +....        m - amulet of the acrobat
Stlth   ++           K - ring of positive energy
HPRegen 0.31/turn    M - ring of protection from fire
MPRegen 0.00/turn

%: acrobat, infuse magic (-9 HP)
@: flying
A: sickness immunity, fire resistance 2, cold vulnerability 1, float, innate
caster, HP casting, extra vitality 1
a: Renounce Religion, Potion Petition, Call Merchant, Bribe Branch


You were on level 10 of the Dungeon.
You worshipped Gozag.
Gozag was most pleased with you.
You visited 2 branches of the dungeon, and saw 11 of its levels.

You collected 1755 gold pieces.
You spent 278 gold pieces at shops.
You paid 38 gold pieces to Gozag.

Inventory:

Hand Weapons
 a - a +3 dagger of freezing (weapon)
 w - a +2 dagger of draining
 P - a +2 heavy war axe
 W - a +2 heavy shortbow
Missiles
 j - 12 atropa-tipped darts (quivered)
 o - 33 poisoned darts
 O - 4 boomerangs
Armour
 F - a +1 leather armour of cold resistance (worn)
 L - a +0 helmet (worn)
Magical Staves
 i - a staff of conjuration
 r - a staff of death
Jewellery
 m - an amulet of the acrobat (around neck)
 J - a ring of ice
 K - a ring of positive energy (left hand)
 M - a ring of protection from fire (right hand)
Wands
 d - a wand of polymorph (11)
 e - a wand of light (3)
 B - a wand of flame (33)
 H - a wand of iceblast (11)
 S - a wand of charming (17)
 U - a wand of mindburst (8)
Scrolls
 c - 3 scrolls of vulnerability {unknown}
 h - 2 scrolls of acquirement {unknown}
 k - 11 scrolls of identify {unknown}
 l - a scroll of poison {unknown}
 n - 7 scrolls of teleportation {unknown}
 p - a scroll of magic mapping {unknown}
 v - a scroll of brand weapon {unknown}
 x - 3 scrolls of immolation {unknown}
 y - 2 scrolls of fog {unknown}
 A - 4 scrolls of fear {unknown}
 C - a scroll of amnesia {unknown}
 G - 2 scrolls of torment {unknown}
 R - a scroll of silence {unknown}
 T - a scroll of blinking {unknown}
 V - 2 scrolls of noise {unknown}
Potions
 f - 4 potions of mutation {unknown}
 g - a potion of lignification {unknown}
 q - 3 potions of heal wounds
 s - 2 potions of invisibility {unknown}
 t - 2 potions of haste
 u - a potion of resistance {unknown}
 z - 4 potions of curing
 D - 2 potions of attraction
 E - a potion of might {unknown}
 I - a potion of cancellation {unknown}
 N - a potion of magic {unknown}
 Q - 2 potions of ambrosia {unknown}


   Skills:
 + Level 2.5 Fighting
 + Level 3.3 Short Blades
 + Level 0.3 Maces & Flails
 + Level 0.3 Ranged Weapons
 + Level 4.1 Armour
 + Level 4.1 Dodging
 + Level 3.7 Stealth
 + Level 11.4 Spellcasting
 + Level 3.0 Evocations


You knew the following spells:

 Your Spells              Type           Power      Damage    Failure   Level
a - Foxfire               Conj/Fire      100%       2x1d9     1%          1
b - Scorch                Fire           100%       2d9       1%          2
c - Volatile Blastmotes   Fire/Tloc      100%       2d18      1%          3
d - Inner Flame           Hex/Fire       58%        N/A       1%          3
e - Flame Wave            Conj/Fire      58%        2d14      1%          4
f - Magic Dart            Conj           100%       1d8       1%          1
g - Ensorcelled Hibernat  Hex/Ice        100%       N/A       1%          2
h - Swiftness             Air            58%        N/A       1%          3
i - Portal Projectile     Hex/Tloc       100%       N/A       1%          3
j - Olgreb's Toxic Radia  Pois           58%        N/A       1%          4
Your spell library was empty.

Dungeon Overview and Level Annotations

Branches:
Dungeon (10/15)            Temple (1/1) D:6
   Lair: D:8-11         Orc: D:9-12

Altars:
Ashenzari
Elyvilon
Fedhas
Gozag
Hepliaklqana
Makhleb
Okawaru
Qazlal
Ru
Uskayaw

Shops:
D:5 =*!:


Innate Abilities, Weirdness & Mutations

You are immune to sickness and miasma.
You are immune to poison.
Your flesh is very heat resistant. (rF++)
You are vulnerable to cold. (rC-)
You float through the air rather than walking.
You learn spells naturally, not from books.
Your magical power is your life essence.
You have superior vitality. (+4 MHP)


Message History

Here: an ice dragon (lightly wounded, catching its breath, more vulnerable to fire)
The floor.
Casting: Scorch (safe; 1% risk of failure)
Confirm with . or Enter, or press ? or * to list all spells.
Okay, then.
Okay, then.
Throw: 12 darts (atropa)
Press: ? - help, Q - select action, (/) - cycle Shift-Dir - straight line, f - ice dragon
Aim: an ice dragon (lightly wounded, catching its breath, more vulnerable to fire, 65% to hit, chance to blind on hit: 3%)
Okay, then.
Unknown command.
Casting: Scorch (safe; 1% risk of failure)
Confirm with . or Enter, or press ? or * to list all spells.
Flames lash the ice dragon but do no damage.
The ice dragon misses you. The ice dragon claws you!
The ice dragon tramples you.
You hold your ground!
Press: ? - help, v - describe, . - travel
Here: an ice dragon (lightly wounded, catching its breath, more vulnerable to fire)
The floor.
Press: ? - help, v - describe, . - travel
Here: an ice dragon (lightly wounded, catching its breath, more vulnerable to fire)
The floor.
Aiming: Bolt of Light
Press: ? - help, Shift-Dir - straight line, f - ice dragon
Aim: an ice dragon (lightly wounded, catching its breath, more vulnerable to fire, 81% to hit)
The bolt of light hits the ice dragon!
The ice dragon is moderately wounded.
The ice dragon is blinded.
The ice dragon misses you. The ice dragon barely misses you.
The ice dragon tramples you.
You hold your ground!
The ice dragon is no longer more vulnerable to fire.
The ice dragon is no longer blind.
Aiming: Bolt of Light
Press: ? - help, Shift-Dir - straight line, f/p - ice dragon
Aim: an ice dragon (lightly wounded, 81% to hit)
The bolt of light misses the ice dragon.
The ice dragon breathes frost at you. The blast of cold hits you!!
You die...
Your body crumbles into a pile of gold.

#...#
##..⌠..###..........#.
#.#.# ##...#
#..[[.........
~..#.######.##
#............#
≈≈~.##........
#..[..>......#
.~~~..##.#######
#...#.#.##....
#....#....##
#..)....######
#......##$.# #...##.##
#)...##
##.#########...##.#
...
#.....D@...###)..####
..
########............##
. ##....<.........#
#......).........#
#................#
#................#
#................#
#..).))).........#
#...)............#


You could see an ice dragon (catching breath).

Vanquished Creatures
  Erolcha (D:9)
  Pikel (D:6)
  3 kobold demonologists (D:8)
  A troll (D:9)
  3 polar bears (D:10)
  3 centaur simulacra (D:10)
  A vampire (D:10)
  2 wyverns
  8 yaks
  2 swamp worms (D:7)
  2 water moccasins (D:7)
  An orc warrior (D:7)
  2 ice beasts
  A black bear (D:5)
  2 ogres
  2 centaurs
  3 lemures (D:6)
  2 phantoms
  4 kobold brigands
  3 bullfrogs (D:6)
  2 gnoll sergeants
  3 scorpions
  4 wights (D:7)
  3 killer bees (D:8)
  A howler monkey (D:6)
  2 jellies
  3 orc priests
  A hound (D:5)
  2 iguanas (D:4)
  A sleepcap (D:7)
  8 orc wizards
  6 gnolls
  8 adders
  A shadow imp (D:7)
  3 white imps
  4 worms
  A dart slug (D:2)
  31 orcs
  7 endoplasms
  A giant cockroach (D:1)
  5 hobgoblins
  6 quokkas
  6 ball pythons
  8 bats
  2 frilled lizards (D:2)
  5 goblins
  25 kobolds
  9 rats
205 creatures vanquished.

Vanquished Creatures (collateral kills)
  6 foxfires (D:1)
6 creatures vanquished.

Vanquished Creatures (others)
  377 foxfires
377 creatures vanquished.

Grand Total: 588 creatures vanquished

Notes
Turn   | Place    | Note
-------+----------+-------------------------------------------
     0 | D:1      | monsoonserge the Djinni Fire Elementalist began the quest
                  | for the Orb.
     0 | D:1      | monsoonserge set off with the following spells memorised:
                  | Foxfire, Scorch, Volatile Blastmotes, Inner Flame, Flame
                  | Wave.
     0 | D:1      | Reached XP level 1. HP: 15/15 MP: 0/0
   188 | D:1      | Found a faded altar of an unknown god.
   227 | D:1      | Reached XP level 2. HP: 20/21 MP: 0/0
   557 | D:1      | Reached skill level 3 in Spellcasting
   607 | D:1      | Reached XP level 3. HP: 25/25 MP: 0/0
   607 | D:1      | Learned a level 1 spell: Magic Dart
   986 | D:2      | Reached XP level 4. HP: 24/31 MP: 0/0
  1377 | D:2      | Reached skill level 1 in Armour
  1554 | D:3      | Found an opulent altar of Gozag.
  1557 | D:3      | Found a blossoming altar of Fedhas.
  1559 | D:3      | Found an iron altar of Okawaru.
  1559 | D:3      | Found a hazy altar of Hepliaklqana.
  1578 | D:3      | Became a worshipper of Gozag Ym Sagoz the Greedy
  1608 | D:3      | Reached XP level 5. HP: 33/35 MP: 0/0
  1608 | D:3      | Learned a level 2 spell: Ensorcelled Hibernation
  1856 | D:3      | Found a broken altar of Ashenzari.
  2130 | D:4      | Noticed an ogre
  2134 | D:4      | Killed an ogre
  2135 | D:4      | Reached skill level 4 in Spellcasting
  2147 | D:4      | Reached XP level 6. HP: 10/41 MP: 0/0
  2829 | D:4      | Reached skill level 1 in Short Blades
  2829 | D:4      | Reached XP level 7. HP: 32/46 MP: 0/0
  2829 | D:4      | Learned a level 3 spell: Swiftness
  2984 | D:5      | Entered Level 5 of the Dungeon
  3110 | D:5      | Reached skill level 1 in Fighting
  3110 | D:5      | Reached skill level 5 in Spellcasting
  3188 | D:5      | Found a white marble altar of Elyvilon.
  3257 | D:5      | Found Uqosm's Jewellery Shop.
  3309 | D:5      | Found Hiarearch's Distillery.
  3322 | D:5      | Bought a potion of attraction for 39 gold pieces
  3322 | D:5      | Bought a potion of curing for 39 gold pieces
  3322 | D:5      | Bought a potion of heal wounds for 65 gold pieces
  3322 | D:5      | Bought a potion of degeneration for 13 gold pieces
  3399 | D:5      | Found a sacrificial altar of Ru.
  3424 | D:5      | Found Sinnyxegel's Assorted Antiques.
  3432 | D:5      | Bought an encrusted copper wand for 100 gold pieces
  3432 | D:5      | Bought an emerald potion for 22 gold pieces
  3524 | D:5      | Found Xiusif's Book Emporium.
  3527 | D:5      | Reached XP level 8. HP: 49/52 MP: 0/0
  4006 | D:6      | Reached skill level 6 in Spellcasting
  4193 | D:6      | Identified the +1 robe of the Robin {Dex+2}
  4534 | D:6      | Found a staircase to the Ecumenical Temple.
  4541 | Temple   | Entered the Ecumenical Temple
  4855 | D:6      | Found a hide-covered altar of Uskayaw.
  5020 | D:6      | Noticed Pikel
  5062 | D:6      | Killed Pikel
  5063 | D:6      | Reached skill level 7 in Spellcasting
  5063 | D:6      | Reached skill level 1 in Evocations
  5063 | D:6      | Reached XP level 9. HP: 25/58 MP: 0/0
  5063 | D:6      | Learned a level 3 spell: Portal Projectile
  5525 | D:7      | Reached skill level 8 in Spellcasting
  5926 | D:7      | Found a burning altar of Makhleb.
  6159 | D:7      | Reached XP level 10. HP: 38/64 MP: 0/0
  6566 | D:8      | You are sucked into a shaft and drop 1 floor!
  6708 | D:9      | Reached skill level 9 in Spellcasting
  8123 | D:8      | Noticed a kobold demonologist
  8124 | D:8      | Noticed a kobold demonologist
  8129 | D:8      | Noticed a sun demon
  8134 | D:8      | Noticed a sixfirhy
  8163 | D:8      | Killed a kobold demonologist
  8164 | D:8      | Reached skill level 10 in Spellcasting
  8301 | D:8      | Noticed a kobold demonologist
  8308 | D:8      | Killed a kobold demonologist
  8308 | D:8      | Killed a kobold demonologist
  8910 | D:9      | Noticed Erolcha
  8914 | D:9      | Killed Erolcha
  8973 | D:9      | Reached XP level 11. HP: 64/68 MP: 0/0
  8973 | D:9      | Learned a level 4 spell: Olgreb's Toxic Radiance
  9163 | D:9      | Reached skill level 11 in Spellcasting
  9465 | D:10     | Entered Level 10 of the Dungeon
 10015 | D:10     | Identified the +3 battleaxe "Nocithredgh" {freeze, *Noise
                  | +Blink Fly Str-4}
 10232 | D:10     | Noticed an ice dragon
 10256 | D:10     | Killed from afar by an ice dragon

Illustrated notes

Levels and vault maps discovered:
D:1:      amcnicky_arrival_abandoned_market, layout_basic,
          shapermc_ecumenical_altar_totnotflames, minmay_hedge_maze
D:2:      layout_rooms
D:3:      layout_rooms, evilmike_ruin_ashenzari, mainiacjoe_overflow_alcove_3
D:4:      layout_loops_cross
D:5:      layout_basic, nicolae_ru_the_path_less_chosen,
          mainiacjoe_overflow_cross_hatched, serial_shops, nicolae_square_shop,
          shop, shop, shop, dk_rats_in_the_wall
D:6:      layout_basic, nicolae_uskayaw_suspiria, minmay_temple_entry_mist,
          uniq_pikel
D:7:      layout_loops_cross, mainiacjoe_overflow_chevrons, worms_lemuel
D:8:      layout_gridville
D:9:      layout_basic, nicolae_sif_muna_condensation, minivault_21,
          nrook_loot_triangle, uniq_erolcha
D:10:     minmay_coctagon, layout_rooms, grunt_temple_overflow_holy_war,
          kennysheep_slug_shrine
Temple:   dpeg_three_leaves_temple

Skill      XL: |  1  2  3  4  5  6  7  8  9 10 11 |
---------------+----------------------------------+-----
Spellcasting   | 3 4 5 7 8 10 11 | 11.4
Stealth        | 2 3 |  3.7
Armour         | 1 2 3 4 |  4.1
Short Blades   | 1 2 3 |  3.3
Fighting       | 1 2 |  2.5
Dodging        | 3 4 |  4.1
Evocations     | 1 2 3 |  3.0
Maces & Flails | |  0.3
Ranged Weapons | |  0.3

Action                     |  1- 3 |  4- 6 |  7- 9 | 10-12 || total
---------------------------+-------+-------+-------+-------++-------
  Melee: Whip              |    12 |     1 |       |       ||    13
         Rapier            |       |    15 |    21 |       ||    36
         Punch             |       |       |     2 |       ||     2
         Dagger            |       |       |    18 |    11 ||    29
   Fire: Shortbow          |       |       |       |     1 ||     1
   Cast: Foxfire           |    51 |    43 |    67 |    67 ||   228
         Scorch            |     2 |    32 |    63 |    26 ||   123
         Volatile Blastmot |       |       |     1 |     6 ||     7
         Inner Flame       |       |       |     5 |     7 ||    12
         Flame Wave        |       |       |     6 |    14 ||    20
         Ensorcelled Hiber |       |       |     2 |     3 ||     5
         Olgreb's Toxic Ra |       |       |       |     8 ||     8
  Evoke: Wand              |       |       |       |     2 ||     2
   Stab: Sleeping          |       |       |     2 |     2 ||     4
         Distracted        |       |       |     1 |       ||     1
 Armour: Robe              |     3 |       |     5 |       ||     8
         Leather armour    |     3 |     7 |     8 |     6 ||    24
  Dodge: Dodged            |    11 |    25 |    52 |    41 ||   129
